 Dungeon Crawl Stone Soup version 0.30.1-3-gfc49f6343a (webtiles) character file.

Game seed: 8954498561595408973

2267 Revguard the Demonspawn-At-Arms (level 9, -5/69 HPs)
             Began as a Demonspawn Fighter on July 27, 2023.
             Was a Believer of Okawaru.
             Killed from afar by an electric eel (12 damage)
             ... with a bolt of electricity
             ... on level 6 of the Dungeon.
             The game lasted 00:24:31 (6670 turns).

Revguard the Demonspawn-At-Arms (DsFi)              Turns: 6670, Time: 00:24:32

Health: -5/69      AC: 12    Str: 20    XL:     9   Next: 16%
Magic:  24/24      EV: 11    Int:  8    God:    Okawaru [**....]
Gold:   291        SH:  9    Dex: 17    Spells: 8/8 levels left

rFire   . . .        m - +1 war axe (freeze)
rCold   . . .        k - +0 kite shield
rNeg    . . .        t - +1 plate armour
rPois   +            (helmet restricted)
rElec   .            p - +0 cloak
rCorr   .            (no gloves)
SInv    .            (no boots)
Will    .....        h
                       - Hermit's Pendant {Faith Invo=14 Evo=0 MP+5} Stlth
                     i - ring of poison resistance
HPRegen 0.31/turn    s - +5 ring of evasion
MPRegen 0.19/turn

%: faith
@: very slow
A: antennae 1, slimy green scales 2, foul stench 1, agile 1, deformed body,
devolution 1
a: Renounce Religion, Heroism


You were on level 6 of the Dungeon.
You worshipped Okawaru.
Okawaru was pleased with you.
You visited 2 branches of the dungeon, and saw 7 of its levels.
You also visited: Sewer and Ossuary.

You collected 291 gold pieces.

Inventory:

Hand Weapons
 a - a +1 long sword
 m - a +1 war axe of freezing (weapon)
 v - a +2 hand axe of flaming
Armour
 b - a +0 scale mail
 k - a +0 kite shield (worn)
 p - a +0 cloak (worn)
 t - a +1 plate armour (worn)
Jewellery
 e - an amulet of faith
 g - a ring of flight
 h - the Hermit's Pendant (around neck) {Faith Invo=14 Evo=0 MP+5}
   (You found it on level 4 of the Dungeon)

   [amulet of faith]

   Invo=14: It sets your Invocations skill to 14.
   Evo=0: It sets your Evocations skill to 0.
   It allows you to gain divine favour quickly.
   MP:        It affects your magic capacity (+5).
 i - a ring of poison resistance (left hand)
 s - a +5 ring of evasion (right hand)
Wands
 r - a wand of flame (42)
Scrolls
 c - 2 scrolls of fog
 d - a scroll of noise
 j - 3 scrolls of amnesia
 o - a scroll of butterflies
 u - 4 scrolls of teleportation
 w - 2 scrolls of brand weapon
 y - 2 scrolls of immolation
 B - 3 scrolls of magic mapping
Potions
 f - 2 potions of magic {unknown}
 l - a potion of lignification {unknown}
 n - a potion of attraction {unknown}
 q - 2 potions of brilliance {unknown}
 z - 2 potions of berserk rage {unknown}
 A - 3 potions of flight {unknown}
 C - a potion of invisibility {unknown}
 D - 2 potions of haste {unknown}
 E - a potion of degeneration {unknown}
 F - a potion of might


   Skills:
 + Level 5.7 Fighting
 - Level 1.9 Long Blades
 + Level 4.1 Polearms
 + Level 5.2 Armour
 + Level 4.3 Dodging
 - Level 3.0 Shields
 + Level 6.4(14.0) Invocations
 + Level 4.6(0.0) Evocations


You had 8 spell levels left.
You didn't know any spells.
Your spell library contained the following spells:

 Spells                   Type           Power      Damage    Failure   Level
 Apportation              Tloc           0%         N/A       100%        1
 Sublimation of Blood     Necr           0%         N/A       100%        2
 Wereblood                Tmut           0%         N/A       100%        2
 Alistair's Intoxication  Tmut/Pois      0%         N/A       100%        5
 Arcjolt                  Conj/Air       0%         1d10      100%        5
 Statue Form              Tmut/Erth      0%         N/A       100%        6
 Chain Lightning          Conj/Air       0%         N/A       100%        9
 Summon Forest            Summ/Tloc      Unusable   N/A       N/A         5
 Summon Mana Viper        Hex/Summ       Unusable   N/A       N/A         5
 Summon Cactus Giant      Summ           Unusable   N/A       N/A         6
 Summon Hydra             Summ           Unusable   N/A       N/A         7

Dungeon Overview and Level Annotations

Branches:
Dungeon (6/15)             Temple (1/1) D:4           Sewer (visited)
Ossuary (visited)

Altars:
Ashenzari
Cheibriados
Dithmenos
Fedhas
Gozag
Hepliaklqana
Kikubaaqudgha
Nemelex Xobeh
Okawaru
Ru
Sif Muna
Trog
Uskayaw
Vehumet
Wu Jian
Yredelemnul

Shops:
D:2 (

Annotations:
D:5 Eustachio


Innate Abilities, Weirdness & Mutations

You have a pair of small antennae on your head.
You are mostly covered in slimy green scales. (AC +3)
You may rarely emit foul miasma when damaged in melee.
You are agile. (Dex +4, Str/Int -1)
Armour fits poorly on your strangely shaped body.
You have hidden genetic defects.


Message History

The electric eel completely resists.
The bolt of electricity hits you.
The electric eel shoots out a bolt of lightning at you!
The bolt of electricity hits you!
You hit the electric eel.
The electric eel seems to slow down.
You freeze the electric eel.
The electric eel is moderately wounded.
The electric eel shoots out a bolt of lightning at you!
The bolt of electricity hits the electric eel.
The electric eel completely resists.
The bolt of electricity misses you.
The electric eel shoots out a bolt of lightning at you!
The bolt of electricity hits the electric eel.
The electric eel completely resists.
The bolt of electricity hits you.
You hit the electric eel. You freeze the electric eel.
The electric eel is almost dead.
The electric eel shoots out a bolt of lightning at you!
The bolt of electricity hits you.
* * * LOW HITPOINT WARNING * * *
Your unstable footing causes you to fumble your attack.
The electric eel is no longer moving slowly.
The electric eel shoots out a bolt of lightning at you!
The bolt of electricity hits you!
* * * LOW HITPOINT WARNING * * *
Your unstable footing causes you to fumble your attack.
Okay, then.
You feel better.
Your unstable footing causes you to fumble your attack.
The electric eel shoots out a bolt of lightning at you!
The bolt of electricity hits you!
* * * LOW HITPOINT WARNING * * *
The electric eel shoots out a bolt of lightning at you!
The bolt of electricity hits you.
* * * LOW HITPOINT WARNING * * *
Your unstable footing causes you to fumble your attack.
The electric eel shoots out a bolt of lightning at you!
The bolt of electricity hits you.
* * * LOW HITPOINT WARNING * * *
Your unstable footing causes you to fumble your attack.
The electric eel shoots out a bolt of lightning at you!
The bolt of electricity hits you!
You die...

....................,,,,,,,,.....
...................#*~*****..~♣~♣
...............(...#♣♣♣♣♣♣**~~~~~
...................~♣~~~P♣♣♣♣P~~~
..............♣~..♣~~~≈))~~~~~~~~
,,,,,,,,,....♣~~.......))........
,,,,,,,,,...~~~~~.~~~~~)≈≈~PP~~~~
,,,,,,,,,..~~~P~~.~~~~~~≈~~~~~~~~
,,,,,,,,,.♣~~~~~@.~~~~~~~♣~♣~~~~P
,,,,,,,,,~~~P~~SS.~~~♣♣♣~###♣~♣P~
,,,,,,,,*~~~~≈≈≈≈.~~♣♣*♣## ####.
,,,,,,,,*♣~~≈~≈≈≈.≈~♣*~* #.
,,,,,,,,*♣~~≈~≈≈≈.~P♣*** #.
,,,,,,,,,♣♣♣~~~≈~.~~~* #.
,~,~,,,,,,*♣~~~~~.~≈≈♣**** #.
~~~,,,,,,,*♣♣~P~~.~≈~≈~~~* ##
,~~~,****** *~~~~,~~~~~~*********


You could see 2 electric eels.

Vanquished Creatures
  Maggie (D:6)
  An ice beast (D:5)
  An ogre (D:4)
  A centaur (D:6)
  2 phantoms
  2 elf zombies (Ossuary)
  3 bullfrogs
  A scorpion (D:5)
  A water moccasin zombie (D:6)
  A water moccasin skeleton (D:6)
  A centaur zombie (D:6)
  2 bullfrog zombies (D:6)
  A jelly (D:6)
  A human zombie (Ossuary)
  2 orc priests
  A gnoll bouda (D:5)
  5 hounds
  Ijyb (D:3)
  2 iguanas (D:4)
  5 orc wizards
  Natasha (D:3)
  A hound zombie (Ossuary)
  4 mummies (Ossuary)
  Robin (D:3)
  A howler monkey skeleton (D:6)
  11 adders
  7 gnolls
  8 river rats (Sewer)
  2 adder zombies (Ossuary)
  2 worms
  3 dart slugs
  16 orcs
  13 ball pythons
  5 endoplasms
  A giant cockroach (D:5)
  15 goblins
  11 hobgoblins
  7 jackals
  11 kobolds
  2 quokkas
  5 bats
  5 frilled lizards
  2 goblin zombies
  A hobgoblin zombie (Ossuary)
  3 orc zombies (Ossuary)
  32 rats
  2 rat zombies
207 creatures vanquished.

Vanquished Creatures (others)
  A goblin (D:3)
1 creature vanquished.

Grand Total: 208 creatures vanquished

Notes
Turn   | Place    | Note
-------+----------+-------------------------------------------
     0 | D:1      | Revguard the Demonspawn Fighter began the quest for the
                  | Orb.
     0 | D:1      | Reached XP level 1. HP: 18/18 MP: 1/1
   142 | D:1      | Got the Lectures on the Vehement Boulder
   152 | D:1      | Gained mutation: You may rarely emit foul miasma when
                  | damaged in melee. [demonic ancestry]
   152 | D:1      | Reached XP level 2. HP: 24/24 MP: 2/2
   651 | D:2      | Found Diegarr's Weapon Shop.
   831 | D:2      | Reached skill level 1 in Invocations
   844 | D:2      | Reached XP level 3. HP: 26/29 MP: 3/3
   887 | D:2      | Reached skill level 1 in Evocations
  1380 | D:2      | Reached skill level 1 in Dodging
  1388 | D:2      | Gained mutation: You have a pair of small antennae on your
                  | head. [demonic ancestry]
  1388 | D:2      | Reached XP level 4. HP: 28/35 MP: 5/5
  1473 | D:2      | Reached skill level 1 in Polearms
  1665 | D:3      | Reached skill level 2 in Invocations
  1672 | D:3      | Gained mutation: You are partially covered in slimy green
                  | scales. (AC +2) [demonic ancestry]
  1672 | D:3      | Reached XP level 5. HP: 9/41 MP: 6/6
  2507 | D:3      | Noticed Ijyb
  2618 | D:3      | Killed Ijyb
  2619 | D:3      | Gained mutation: You are mostly covered in slimy green
                  | scales. (AC +3) [demonic ancestry]
  2619 | D:3      | Reached XP level 6. HP: 29/48 MP: 6/8
  2717 | D:3      | Noticed Robin
  2753 | D:3      | Killed Robin
  2941 | D:3      | Noticed Natasha
  2949 | D:3      | Killed Natasha
  2950 | D:3      | Reached skill level 3 in Invocations
  3211 | D:4      | Found a staircase to the Ecumenical Temple.
  3232 | Temple   | Entered the Ecumenical Temple
  3358 | Temple   | Became a worshipper of Warmaster Okawaru
  3689 | D:4      | Found the Hermit's Pendant {Faith Invo=14 Evo=0 MP+5}
  3883 | D:4      | Found a blossoming altar of Fedhas.
  4131 | D:4      | Reached XP level 7. HP: 48/54 MP: 17/17
  4326 | D:5      | Entered Level 5 of the Dungeon
  4414 | D:5      | Reached * piety under Okawaru
  4438 | D:5      | Found a glowing drain.
  4461 | Sewer    | Entered a sewer
  4520 | Sewer    | Reached skill level 4 in Invocations
  5014 | D:5      | Noticed Eustachio
  5027 | D:5      | Reached XP level 8. HP: 61/61 MP: 18/18
  5064 | D:5      | Gained mutation: Your body sometimes deteriorates upon
                  | taking damage. [potion of mutation]
  5064 | D:5      | Gained mutation: Your spells are a little harder to cast,
                  | but a little more powerful. [potion of mutation]
  5305 | D:5      | Reached skill level 5 in Invocations
  5763 | D:6      | Lost mutation: Your body sometimes deteriorates upon taking
                  | damage. [potion of mutation]
  5763 | D:6      | Lost mutation: Your spells are a little harder to cast, but
                  | a little more powerful. [potion of mutation]
  5763 | D:6      | Gained mutation: Potions are less effective at restoring
                  | your health. [potion of mutation]
  5764 | D:6      | Lost mutation: Potions are less effective at restoring your
                  | health. [potion of mutation]
  5764 | D:6      | Gained mutation: You are agile. (Dex +4, Str/Int -1)
                  | [potion of mutation]
  5764 | D:6      | Gained mutation: You have hidden genetic defects. [potion
                  | of mutation]
  6009 | D:6      | Found a sand-covered staircase.
  6032 | Ossuary  | Entered an ossuary
  6045 | Ossuary  | Reached skill level 5 in Fighting
  6077 | Ossuary  | Gained mutation: You have terrible hidden genetic defects.
                  | [hidden defects]
  6295 | D:6      | Noticed Maggie
  6312 | D:6      | Killed Maggie
  6312 | D:6      | Reached ** piety under Okawaru
  6313 | D:6      | Reached skill level 6 in Invocations
  6315 | D:6      | Reached skill level 5 in Armour
  6315 | D:6      | Reached XP level 9. HP: 46/68 MP: 19/19
  6337 | D:6      | Gained mutation: Armour fits poorly on your strangely
                  | shaped body. [hidden defects]
  6337 | D:6      | Lost mutation: You have terrible hidden genetic defects.
                  | [hidden defects expressed]
  6670 | D:6      | Killed from afar by an electric eel

Illustrated notes

Levels and vault maps discovered:
D:1:      zaba_arrival_water, layout_basic, grunt_decor_clamped, minivault_23
D:2:      layout_loops_ring, serial_shops, nicolae_shop_tiny_statue_garden
D:3:      kennysheep_goblin_castle, layout_loops_cross,
          amcnicky_mini_corridor_feature, uniq_ijyb, uniq_natasha
D:4:      layout_loops_ring, general_overflow_altar,
          minmay_temple_entry_water_ring, serial_forest,
          infiniplex_forest_diagonal, infiniplex_forest_lined_3,
          infiniplex_forest_zigzag_1, infiniplex_forest_end_1,
          infiniplex_forest_straight_5, infiniplex_forest_zigzag_2,
          infiniplex_forest_lined_room_3, infiniplex_forest_lined_1,
          infiniplex_forest_lined_room_2, infiniplex_forest_zigzag_1,
          minmay_misc_feat_tower
D:5:      layout_basic, portal_sewer_entry_a, uniq_eustachio
D:6:      layout_basic, enter_ossuary_4, serial_undead, serial_undead_f,
          serial_undead_d, serial_undead_f, serial_undead_a, serial_undead_c,
          serial_bayou_lagoon_b, uniq_maggie
Temple:   mainiacjoe_temple_coin_purse

Skill      XL: |  1  2  3  4  5  6  7  8 |
---------------+-------------------------+-----
Invocations    | 1 2 3 4 6 |  6.4
Evocations     | 1 2 3 4 |  4.6
Armour         | 3 4 5 |  5.2
Shields        | 3 |  3.0
Dodging        | 1 2 3 4 |  4.3
Polearms       | 1 2 3 4 |  4.1
Fighting       | 4 5 |  5.7
Long Blades    | |  1.9

Action                     |  1- 3 |  4- 6 |  7- 9 || total
---------------------------+-------+-------+-------++-------
  Melee: Long sword        |   105 |   262 |     1 ||   368
         Hand axe          |       |       |   286 ||   286
         War axe           |       |       |    25 ||    25
  Throw: Throwing net      |       |     1 |       ||     1
 Invoke: Heroism           |       |       |     4 ||     4
    Use: Potion            |     2 |     4 |     6 ||    12
         Scroll            |       |     8 |    14 ||    22
 Armour: Scale mail        |    43 |    92 |       ||   135
         Plate armour      |       |    35 |   218 ||   253
  Dodge: Dodged            |    39 |    92 |   203 ||   334
  Block: Buckler           |     5 |       |       ||     5
         Kite shield       |    42 |   124 |   247 ||   413
